 Dungeon Crawl Stone Soup version 0.30-a0-782-ge64f9170bb (webtiles) character file.

Game seed: 1770801845464313908

955 RatherSlowDeath the Conjurer (level 8, -10/54 HPs)
             Began as a Barachi Conjurer on Mar 6, 2023.
             Mangled by a gnoll sergeant
             ... wielding a +0 trident
              (15 damage)
             ... on level 6 of the Dungeon.
             The game lasted 00:07:29 (5644 turns).

RatherSlowDeath the Conjurer (Barachi Conjurer)     Turns: 5644, Time: 00:07:29

Health: -10/54     AC:  4    Str: 10    XL:     8   Next: 14%
Magic:  9/17       EV: 16    Int: 20    God:
Gold:   404        SH:  0    Dex: 10    Spells: 8/19 levels left

rFire   . . .      SeeInvis .    g - +4 short sword (speed)
rCold   . . .      Faith    .    (no shield)
rNeg    . . .      Spirit   .    l - +0 leather armour
rPois   .          Reflect  .    (no helmet)
rElec   .          Harm     .    (no cloak)
rCorr   .          Rampage  .    o - +0 pair of gloves
Will    .....                    (no boots)
Stlth   ++                       (no amulet)
HPRegen 0.29/turn                n - +5 ring of evasion
MPRegen 0.15/turn                (no ring)

@: slow
A: amphibious, slowness 1, strong legs 1, +LOS
a: Hop


You were on level 6 of the Dungeon.
You visited 1 branch of the dungeon, and saw 6 of its levels.

You collected 404 gold pieces.

Inventory:

Hand Weapons
 g - a +4 short sword of speed (weapon)
Missiles
 a - 2 throwing nets {!f}
Armour
 l - a +0 leather armour (worn)
 o - a +0 pair of gloves (worn)
Jewellery
 n - a +5 ring of evasion (left hand)
Wands
 b - a wand of flame (11)
 f - a wand of charming (5)
Scrolls
 e - a scroll of poison
 i - 5 scrolls of enchant armour
 m - a scroll of butterflies
Potions
 h - a potion of berserk rage {unknown}
 j - 3 potions of cancellation
 k - a potion of degeneration {unknown}
 p - 3 potions of mutation {unknown}
 s - a potion of attraction {unknown}
 t - a potion of flight {unknown}


   Skills:
 + Level 1.2 Fighting
 - Level 2.1 Dodging
 - Level 3.0 Stealth
 - Level 6.1 Spellcasting
 + Level 7.9 Conjurations
 + Level 1.1 Hexes
 + Level 1.1 Translocations
 + Level 1.1 Evocations


You had 8 spell levels left.
You knew the following spells:

 Your Spells              Type           Power      Damage    Failure   Level
a - Magic Dart            Conj           100%       1d8       1%          1
b - Searing Ray           Conj           74%        2d7       1%          2
c - Iskenderun's Mystic   Conj/Tloc      24%        2d7       22%         4
d - Fulminant Prism       Conj/Hex       12%        3d8       22%         4

Your spell library contained the following spells:

 Spells                   Type           Power      Damage    Failure   Level
 Dazzling Flash           Conj/Hex       48%        N/A       6%          3


Dungeon Overview and Level Annotations

Branches:
Dungeon (6/15)
 Temple: D:4-7

Altars:
Ashenzari
Cheibriados
Trog
Xom
The Shining One

Annotations:
D:5 Grinder


Innate Abilities, Weirdness & Mutations

You are amphibious.
You cover ground slowly.
You can hop short distances.
You have an extended range of vision and can be seen from far away.


Message History

The gnoll sergeant shouts!
The gnoll sergeant misses you.
There is an open door here.
Casting: Searing Ray (safe; 1% risk of failure)
Confirm with . or Enter, or press ? or * to list all spells.
Aiming: Searing Ray (safe; 1% risk of failure)
Press: ? - help, Shift-Dir - straight line, f - gnoll sergeant
Aim: a gnoll sergeant, wielding a +0 trident, wearing a +0 scale mail and wearing a +0 buckler (86% to hit)
The searing ray hits the gnoll sergeant!
The gnoll sergeant is moderately wounded. (Press . to maintain the ray.)
The gnoll sergeant closely misses you.
The searing ray hits the gnoll sergeant.
The gnoll sergeant is heavily wounded.
The gnoll sergeant hits you from afar with a +0 trident!
The searing ray hits the gnoll sergeant.
The gnoll sergeant is severely wounded.
The gnoll sergeant barely misses you.
The searing ray misses the gnoll sergeant.
You finish channelling your searing ray.
The gnoll sergeant hits you from afar with a +0 trident!
The gnoll sergeant hits you from afar with a +0 trident!
Casting: Searing Ray (safe; 1% risk of failure)
Confirm with . or Enter, or press ? or * to list all spells.
Aiming: Searing Ray (safe; 1% risk of failure)
Press: ? - help, Shift-Dir - straight line, f/p - gnoll sergeant
Aim: a gnoll sergeant, wielding a +0 trident, wearing a +0 scale mail and wearing a +0 buckler (severely wounded, 86% to hit)
The searing ray hits the gnoll sergeant but does no damage.
The gnoll sergeant is severely wounded. (Press . to maintain the ray.)
The gnoll sergeant hits you from afar with a +0 trident.
* * * LOW HITPOINT WARNING * * *
The searing ray hits the gnoll sergeant.
The gnoll sergeant is almost dead.
The gnoll sergeant hits you from afar with a +0 trident!
* * * LOW HITPOINT WARNING * * *
The searing ray hits the gnoll sergeant but does no damage.
The gnoll sergeant is almost dead.
The gnoll sergeant hits you from afar with a +0 trident!
You die...

#... #...
#..######
#.......#
#.......#
#..)....#
#..#....#
#.##....#
#)#####@#
##)##....# #
#..##.>.g# .#
#..##....##.#
#...######..# .
#....####...#..
##............#.
#...............
##.........##...


You could see a gnoll sergeant.

Vanquished Creatures
  Edmund (D:4)
  A water moccasin (D:5)
  Duvessa (D:6)
  An ogre (D:5)
  A necrophage (D:5)
  A scorpion (D:6)
  Dowan (D:6)
  2 orc priests
  A hound (D:4)
  An iguana (D:5)
  3 orc wizards
  Ijyb (D:3)
  6 adders
  3 gnolls (D:6)
  A shadow imp (D:6)
  2 worms (D:3)
  2 dart slugs
  15 orcs
  10 ball pythons
  3 bats
  4 endoplasms
  A giant cockroach (D:2)
  8 goblins
  4 hobgoblins
  3 kobolds
  2 frilled lizards
  4 rats
83 creatures vanquished.

Notes
Turn   | Place    | Note
-------+----------+-------------------------------------------
     0 | D:1      | RatherSlowDeath the Barachi Conjurer began the quest for
                  | the Orb.
     0 | D:1      | Reached XP level 1. HP: 13/13 MP: 3/3
   515 | D:1      | Found a faded altar of an unknown god.
   604 | D:1      | Reached XP level 2. HP: 7/19 MP: 1/5
   647 | D:1      | Learned a level 2 spell: Searing Ray
  1541 | D:2      | Reached XP level 3. HP: 24/24 MP: 3/6
  2360 | D:3      | Reached XP level 4. HP: 30/30 MP: 6/8
  2512 | D:3      | Noticed Ijyb
  2525 | D:3      | Killed Ijyb
  2526 | D:3      | Reached skill level 5 in Conjurations
  3092 | D:4      | Reached XP level 5. HP: 35/35 MP: 4/10
  3153 | D:4      | Found a broken altar of Ashenzari.
  3172 | D:4      | Found a shimmering altar of Xom.
  3188 | D:4      | Learned a level 4 spell: Iskenderun's Mystic Blast
  3193 | D:4      | Learned a level 4 spell: Fulminant Prism
  3728 | D:4      | Noticed Edmund
  3738 | D:4      | Killed Edmund
  3739 | D:4      | Reached skill level 6 in Conjurations
  3739 | D:4      | Reached XP level 6. HP: 11/41 MP: 6/13
  3878 | D:4      | Found a glowing golden altar of the Shining One.
  3901 | D:4      | Found a bloodstained altar of Trog.
  4137 | D:5      | Entered Level 5 of the Dungeon
  4277 | D:5      | Reached skill level 5 in Spellcasting
  4277 | D:5      | Reached XP level 7. HP: 46/46 MP: 14/14
  4397 | D:5      | Reached skill level 7 in Conjurations
  4667 | D:5      | Noticed Grinder
  5188 | D:6      | Noticed Duvessa
  5188 | D:6      | Noticed Dowan
  5195 | D:6      | Killed Duvessa
  5200 | D:6      | Killed Dowan
  5215 | D:6      | Found a snail-covered altar of Cheibriados.
  5409 | D:6      | Reached XP level 8. HP: 37/53 MP: 1/17
  5479 | D:6      | Reached skill level 1 in Fighting
  5479 | D:6      | Reached skill level 1 in Hexes
  5479 | D:6      | Reached skill level 1 in Translocations
  5479 | D:6      | Reached skill level 1 in Evocations
  5644 | D:6      | Mangled by a gnoll sergeant

Illustrated notes

Levels and vault maps discovered:
D:1:      nicolae_arrival_somewhat_less_tricky_arrival, layout_loops_cross,
          dreamdust_ecumenical_altar_hidden_monk_grotto,
          serial_co_window_serial, co_window_corner_a, co_window_paths_a,
          co_window_corner_a, co_window_paths_a, co_window_of_opportunity_a,
          co_window_cross_2, co_window_unsneaky_path_a,
          co_window_of_opportunity_b, co_window_cross_4,
          co_window_of_opportunity_b, glass_columns_a, glass_columns_a,
          glass_columns_a, glass_columns_a, glass_columns_b
D:2:      layout_loops_ring, minmay_misc_feat_room
D:3:      layout_loops_ring, bh_walls_and_bars, uniq_ijyb
D:4:      layout_loops_ring, nicolae_overflow_quartered_altars, uniq_edmund
D:5:      layout_cave_pods, minivault_24, uniq_grinder, uniq_blork_the_orc
D:6:      layout_cave_pools, amcnicky_altar_gilded, serial_gnoll_camp,
          gnoll_camp_mini_loothouse, gnoll_camp_mini_house,
          gnoll_camp_mini_sergeant, gnoll_camp_mini_hut, gnoll_camp_mini_shop,
          gnoll_camp_huts_basic, uniq_sigmund, uniq_prince_ribbit1, uniq_duvessa

Skill      XL: |  1  2  3  4  5  6  7  8 |
---------------+-------------------------+-----
Stealth        | 2 3 |  3.0
Spellcasting   | 3 4 5 6 |  6.1
Conjurations   | 5 6 7 |  7.9
Fighting       | 1 |  1.2
Hexes          | 1 |  1.1
Translocations | 1 |  1.1
Evocations     | 1 |  1.1
Dodging        | |  2.1

Action                     |  1- 3 |  4- 6 |  7- 9 || total
---------------------------+-------+-------+-------++-------
  Melee: Dagger            |     3 |       |       ||     3
         Sling             |       |     1 |       ||     1
         Short sword       |       |       |    13 ||    13
   Fire: Sling             |    50 |    64 |    10 ||   124
   Cast: Magic Dart        |    33 |     4 |    27 ||    64
         Searing Ray       |     3 |    12 |    12 ||    27
Ability: Hop               |       |     2 |       ||     2
    Use: Scroll            |     2 |    10 |     2 ||    14
         Potion            |       |     3 |       ||     3
 Armour: Robe              |     3 |     5 |     1 ||     9
         Leather armour    |       |       |     1 ||     1
  Dodge: Dodged            |    25 |    52 |    20 ||    97

Table legend: (Time is in decaauts)
 A = Elapsed time spent in this place.
 B = Non-inter-level travel time spent in this place.
 C = Inter-level travel time spent in this place.
 D = Time resting spent in this place.
 E = Time spent auto-exploring this place.
 F = Levels seen in this place.
 G = Mean time per level.
                   A        B        C        D        E       F      G
               +--------+--------+--------+--------+--------+-----+--------+
         Total |   6430 |   6253 |    177 |    992 |   4362 |   6 | 1071.7 |
       Dungeon |   6430 |   6253 |    177 |    992 |   4362 |   6 | 1071.7 |
               +--------+--------+--------+--------+--------+-----+--------+

Top non-repeatable levels by time:
     D:1: 1479 daAuts
     D:4: 1302 daAuts
     D:5: 1296 daAuts
     D:3: 1235 daAuts
     D:2: 737 daAuts
     D:6: 380 daAuts
